 Dungeon Crawl Stone Soup version 0.23.2-40-g277498a (webtiles) character file.

Game seed: 6554905463727132163

172458 Fang the Warrior (level 18, -13/123 HPs)
             Began as a Gargoyle Berserker on Sept 6, 2019.
             Was the Champion of Trog.
             Shot with a bolt by Vashnia (27 damage)
             ... on level 4 of the Snake Pit.
             The game lasted 00:36:55 (32443 turns).

Fang the Warrior (Gargoyle Berserker)              Turns: 32443, Time: 00:36:56

Health: -13/123    AC: 43    Str: 34    XL:     18   Next: 3%
Magic:  18/18      EV: 14    Int:  9    God:    Trog [******]
Gold:   2423       SH:  0    Dex:  9    Spells: 17/17 levels left

rFire    . . .     SeeInvis .   R - +4 battleaxe (flame)
rCold    + . .     Gourm    .   (shield currently unavailable)
rNeg     + + +     Faith    .   b - +2 plate armour
rPois    ∞         Spirit   .   T - +0 helmet (curse)
rElec    +         Reflect  .   (no cloak)
rCorr    .         Harm     .   B - +2 pair of gloves
MR       +....                  (no boots)
Stlth    ..........             H - amulet of regeneration
HPRegen  0.70/turn              I - +6 ring of strength
MPRegen  0.16/turn              D - ring "Jigrex" {*Corrode rC+ rN+++ AC+5}

@: flying
A: big wings, negative energy resistance 1, electricity resistance, unbreathing,
petrification resistance, rot immunity, AC +13
a: Stop Flying, Berserk, Trog's Hand, Brothers in Arms, Renounce Religion


You were on level 4 of the Snake Pit.
You worshipped Trog.
Trog was exalted by your worship.
You were very hungry.

You visited 6 branches of the dungeon, and saw 29 of its levels.
You also visited: Ossuary.

You collected 2423 gold pieces.

Inventory:

Hand Weapons
 a - a +5 war axe
 y - a +6 broad axe of freezing
 K - the +12 battleaxe of Anger {vamp, *Corrode rPois rN++ Int+4, unknown}
   (Trog gifted it to you on level 4 of the Snake Pit)

   It inflicts no extra harm, but heals its wielder when it wounds a living foe.
   It affects your intelligence (+4).
   It protects you from poison.
   It greatly protects you from negative energy.
   It may corrode you when you take damage.
 L - a +3 antimagic battleaxe
 Q - a +4 executioner's axe of chopping
 R - a +4 battleaxe of flaming (weapon)
 S - the +1 hand axe of Uhi Guer {freeze, Int+6}
   (You found it on level 2 of the Snake Pit)

   It has been specially enchanted to freeze those struck by it, causing extra
   injury to most foes and up to half again as much damage against particularly
   susceptible opponents.
   It can also slow down cold-blooded creatures.
   It affects your intelligence (+6).
Armour
 b - a +2 plate armour (worn)
 B - a +2 pair of gloves (worn)
 T - a cursed +0 helmet (worn)
Jewellery
 d - a +3 ring of dexterity
 n - an uncursed ring of protection from cold
 u - a +3 ring of evasion
 x - an uncursed ring of protection from fire
 D - the ring "Jigrex" (right hand) {*Corrode rC+ rN+++ AC+5}
   (You found it on level 12 of the Dungeon)

   [ring of protection]

   It affects your AC (+5).
   It protects you from cold.
   It renders you almost immune to negative energy.
   It may corrode you when you take damage.
 H - an amulet of regeneration (around neck)
 I - a +6 ring of strength (left hand)
 M - an uncursed ring of stealth
 N - an uncursed ring of resist corrosion
Wands
 g - a wand of enslavement (6)
 h - a wand of paralysis (29)
 m - a wand of flame (15)
 p - a wand of scattershot (7)
 r - a wand of disintegration (26)
 s - a wand of digging (19)
 E - a wand of random effects (79)
 J - a wand of acid (8)
 P - a wand of polymorph (9)
Scrolls
 e - 9 scrolls of identify
 f - 19 scrolls of remove curse
 q - 6 scrolls of magic mapping
 t - a scroll of fear
 w - 4 scrolls of teleportation
 F - 5 scrolls of fog
Potions
 i - 6 potions of curing
 j - 3 potions of haste
 k - 2 potions of heal wounds
 l - 4 potions of agility
 o - 3 potions of might
 v - a potion of ambrosia
 z - a potion of resistance
 A - 3 potions of cancellation
 C - 4 potions of berserk rage
 G - a potion of invisibility
 O - a potion of magic
Comestibles
 c - 34 rations


   Skills:
 + Level 17.0 Fighting
 + Level 14.7 Axes
 + Level 17.0 Armour
 + Level 13.5 Dodging


You had 17 spell levels left.
You didn't know any spells.
Your spell library was empty.

Dungeon Overview and Level Annotations

Branches:
Dungeon (15/15)            Temple (1/1) D:4            Lair (6/6) D:8
 Shoals (0/4) Lair:3        Snake (4/4) Lair:4        Slime (1/5) Lair:5
    Orc (2/2) D:10            Elf (0/3) Orc:2        Vaults (0/5) D:14
 Depths (0/5) D:15

Altars:
Ashenzari
Cheibriados
Elyvilon
Gozag
Makhleb
Nemelex Xobeh
Okawaru
Sif Muna
Xom
Zin
Beogh
Jiyva

Shops:
D:6 %   D:9 :   Orc:2 (=*[   Snake:2 }==   Snake:4 %

Annotations:
D:8 2 runed translucent doors, exclusion: orange crystal statue
Lair:3 exclusion: oklob plant
Lair:6 exclusion: 2 oklob plants
Snake:4 Vashnia


Innate Abilities, Weirdness & Mutations

You are resistant to torment.
Your stone body is resilient. (AC +13)
You are immune to poison.
Your large and strong wings let you fly indefinitely.
You resist negative energy. (rN+)
You are resistant to electric shocks. (rElec)
You can survive without breathing.
You are immune to petrification.
You are immune to rotting.


Message History

You resist.
You slice Vashnia!! You burn Vashnia.
Vashnia is lightly wounded.
You slice the naga warrior!! You burn the naga warrior!
You kill the naga warrior!
Trog accepts your kill.
Your Armour skill increases to level 17!
Vashnia glares at her squad, motioning for silence.
Vashnia shoots a bolt.
The bolt hits you!
* * * LOW HITPOINT WARNING * * *
You slice Vashnia!! You burn Vashnia.
Vashnia is moderately wounded.
The nagaraja casts a spell.
The nagaraja seems to speed up.
You closely miss Vashnia.
Vashnia is moderately wounded.
The nagaraja spits poison at you.
The splash of poison hits you but does no damage.
You resist.
Vashnia shoots a bolt.
The bolt hits you!!
You die...

########....[............##
#####..)...........#
##).))......(..##
#.)........[...#
###)...........#
##(..........##
#.[##.......##
#.)######..## ##N@(## ####
## ##(.[..### .#
##.(#.(...# .# ##()####)..#
.# ##.N#......## .#
#..(.)....## .#
##........##.. ##
##[....)..##...
##N..(..).##....


You could see Vashnia and a nagaraja.

Vanquished Creatures
  Asterion (Snake:3)
  5 nagarajas
  Aizul (Snake:4)
  An orc warlord (Orc:1)
  Louise (Snake:2)
  Azrael (Snake:3)
  An ettin (Orc:2)
  12 hydras
  A yaktaur captain (D:14)
  13 naga warriors
  A catoblepas (Lair:4)
  Erica (Orc:1)
  2 ogre magi
  3 centaur warriors
  8 anacondas
  19 two-headed ogres
  9 naga sharpshooters
  7 shock serpents
  3 tengu warriors (D:14)
  5 death yaks (Lair:5)
  An orc high priest (Orc:2)
  Urug (Lair:4)
  Nergalle (D:11)
  2 salamander mystics (Snake:4)
  2 unseen horrors
  A glowing orange brain (D:15)
  6 naga ritualists
  5 orc knights
  3 mana vipers
  2 manticores
  15 ugly things
  3 orc sorcerers
  2 deep elf magi
  A cyclops (D:15)
  5 guardian serpents
  11 salamanders
  34 black mambas
  8 elephants (Lair:4)
  A merfolk siren (Lair:3)
  2 torpor snails (Lair:6)
  16 naga magi
  Psyche (D:11)
  6 spiny frogs
  5 gargoyles
  5 rime drakes
  2 ice devils (Lair:6)
  7 yaktaurs
  11 komodo dragons
  2 kobold demonologists (D:14)
  A queen bee (shapeshifter) (D:15)
  An efreet (D:13)
  A tengu conjurer (D:14)
  A wind drake (shapeshifter) (D:15)
  Grinder (D:3)
  3 merfolk (Lair:3)
  8 trolls
  4 polar bears (Lair:4)
  A hornet (D:9)
  5 dream sheep (Lair:4)
  6 slime creatures (D:15)
  11 blink frogs
  A centaur simulacrum (D:11)
  9 hippogriffs
  2 redbacks (D:15)
  Eustachio (D:6)
  2 water elementals (D:15)
  64 yaks
  3 wraiths
  5 basilisks
  2 fire elementals (Snake:3)
  7 wyverns
  A golden eye (shapeshifter) (D:15)
  3 hungry ghosts
  A steam dragon (D:11)
  4 vampire mosquitoes (D:12)
  An acid dragon (D:13)
  61 nagas
  2 wargs
  9 water moccasins
  3 hell hounds (Snake:3)
  33 orc warriors
  9 porcupines
  6 ice beasts
  2 phantoms
  3 sky beasts
  2 hornet zombies
  A black bear (shapeshifter) (D:15)
  12 ogres
  2 eyes of draining
  9 wolves
  A necrophage (D:7)
  6 centaurs
  14 crocodiles
  A big kobold (D:9)
  14 bullfrogs
  A gnoll sergeant (D:6)
  An elf skeleton (D:8)
  2 water moccasin zombies (Ossuary)
  6 scorpions
  11 killer bees
  18 wights
  4 electric eels
  4 howler monkeys
  7 crimson imps
  5 bullfrog zombies
  2 centaur zombies
  A quasit (D:9)
  3 jellies
  4 centaur skeletons
  6 hounds
  A bullfrog skeleton (D:8)
  16 orc priests
  26 orc wizards
  3 human skeletons (D:8)
  12 iguanas
  14 worker ants
  Terence (D:3)
  A killer bee zombie (D:8)
  5 big kobold zombies (Ossuary)
  2 bullfrog simulacra (D:11)
  2 mummies (Ossuary)
  A hound skeleton (D:5)
  A hound zombie (D:9)
  A howler monkey zombie (D:11)
  Robin (D:3)
  8 gnolls
  11 adders
  6 shadow imps
  A worker ant simulacrum (D:11)
  An ufetubus (D:11)
  4 oozes
  5 adder zombies
  An adder skeleton (D:7)
  4 worms
  7 leopard geckos
  107 orcs
  2 ball pythons
  3 bats
  4 giant cockroaches
  2 hobgoblins
  13 jackals
  6 quokkas
  3 frilled lizards
  A gnoll zombie (Ossuary)
  13 goblins
  4 hobgoblin zombies (Ossuary)
  10 kobolds
  5 kobold zombies (Ossuary)
  A leopard gecko skeleton (D:4)
  A leopard gecko zombie (D:5)
  An orc skeleton (D:8)
  7 orc zombies
  A quokka zombie (D:7)
  6 rats
  A fungus (Lair:6)
  7 plants
1003 creatures vanquished.

Vanquished Creatures (collateral kills)
  A hydra (Lair:1)
  2 orc warriors (Orc:2)
3 creatures vanquished.

Vanquished Creatures (others)
  An unseen horror (D:13)
  A yak (D:11)
  A naga (Snake:4)
  An orc warrior (D:8)
  An ogre (D:8)
  A gnoll sergeant (D:8)
  A hound (D:8)
  An orc priest (D:13)
  A worker ant (D:8)
  An adder (D:8)
  A leopard gecko (D:8)
  A quokka (D:8)
  A fungus (Lair:4)
  28 plants
41 creatures vanquished.

Grand Total: 1047 creatures vanquished

Notes
Turn   | Place    | Note
-------+----------+-------------------------------------------
     0 | D:1      | Fang the Gargoyle Berserker began the quest for the Orb.
     0 | D:1      | Reached XP level 1. HP: 14/14 MP: 1/1
   417 | D:1      | Reached XP level 2. HP: 17/19 MP: 2/2
   604 | D:2      | Found a sparkling altar of Nemelex Xobeh.
   623 | D:2      | Found a shattered altar of Ashenzari.
   644 | D:2      | Reached XP level 3. HP: 14/24 MP: 3/3
  1214 | D:2      | Reached ** piety under Trog
  1214 | D:2      | Reached XP level 4. HP: 26/29 MP: 4/4
  1648 | D:3      | Found a burning altar of Makhleb.
  1657 | D:3      | Noticed Grinder
  1669 | D:3      | Killed Grinder
  1669 | D:3      | Reached XP level 5. HP: 34/34 MP: 5/5
  1669 | D:3      | Reached XP level 6. HP: 39/39 MP: 6/6
  1765 | D:3      | Found a white marble altar of Elyvilon.
  1923 | D:3      | Found an opulent altar of Gozag.
  2189 | D:3      | Noticed Robin
  2209 | D:3      | Killed Robin
  2244 | D:3      | Noticed Terence
  2253 | D:3      | Killed Terence
  2463 | D:4      | Reached skill level 5 in Fighting
  2723 | D:4      | Reached XP level 7. HP: 25/44 MP: 7/7
  2975 | D:4      | Found a staircase to the Ecumenical Temple.
  2983 | Temple   | Entered the Ecumenical Temple
  3123 | D:4      | Reached skill level 5 in Armour
  3134 | D:4      | Reached *** piety under Trog
  3601 | D:5      | Entered Level 5 of the Dungeon
  3636 | D:5      | HP: 1/45 [ogre/+0 giant club (28)]
  3640 | D:5      | Reached XP level 8. HP: 3/51 MP: 8/8
  3874 | D:5      | Noticed a yak
  3879 | D:5      | Noticed a yak
  3882 | D:5      | Noticed a yak
  3883 | D:5      | Noticed a yak
  3885 | D:5      | Killed a yak
  3885 | D:5      | Reached skill level 5 in Axes
  3888 | D:5      | Noticed a yak
  3890 | D:5      | Killed a yak
  3895 | D:5      | Killed a yak
  3939 | D:4      | Killed a yak
  4089 | D:5      | Killed a yak
  4089 | D:5      | Reached XP level 9. HP: 56/56 MP: 9/9
  4194 | D:5      | Found a glowing silver altar of Zin.
  4270 | D:5      | Reached skill level 5 in Dodging
  5278 | D:6      | Noticed Eustachio
  5303 | D:6      | Killed Eustachio
  6272 | D:6      | Reached **** piety under Trog
  6272 | D:6      | Reached XP level 10. HP: 60/64 MP: 10/10
  6285 | D:6      | Found Diut's Food Emporium.
  6375 | D:6      | Found an iron altar of Okawaru.
  7949 | D:7      | Found a snail-covered altar of Cheibriados.
  8492 | D:7      | Paralysed by fainting for 11 turns
  8553 | D:7      | Found a deep blue altar of Sif Muna.
  8633 | D:8      | Found a staircase to the Lair.
  8634 | D:8      | Noticed a gargoyle
  8648 | D:8      | Killed a gargoyle
  8960 | D:8      | Reached ***** piety under Trog
  8989 | D:8      | Found a shimmering altar of Xom.
  9020 | D:8      | Reached XP level 11. HP: 57/71 MP: 11/11
  9206 | D:8      | Found a sand-covered staircase.
  9211 | Ossuary  | Entered an ossuary
  9239 | Ossuary  | Received a gift from Trog
  9526 | D:8      | Found a runed translucent door.
  9528 | D:8      | Noticed an orange crystal statue
  9529 | D:8      | Found the +10 large shield of Ignorance {rN+ Int-4}
  9548 | D:8      | Found a runed translucent door.
  9814 | D:9      | Noticed a two-headed ogre
  9821 | D:9      | Killed a two-headed ogre
  9821 | D:9      | Reached skill level 10 in Fighting
 10395 | D:9      | Found a glowing silver altar of Zin.
 10514 | D:9      | Reached skill level 10 in Armour
 10531 | D:9      | Received a gift from Trog
 10784 | D:9      | Noticed a two-headed ogre
 10800 | D:9      | Killed a two-headed ogre
 10903 | D:9      | Found Xypalio's Book Shoppe.
 11243 | D:10     | Entered Level 10 of the Dungeon
 11284 | D:10     | Noticed an orc knight
 11403 | D:10     | Noticed an orc knight
 11412 | D:10     | Killed an orc knight
 11441 | D:10     | Noticed a two-headed ogre
 11464 | D:10     | Killed a two-headed ogre
 11468 | D:10     | Killed an orc knight
 11490 | D:10     | Reached XP level 12. HP: 10/79 MP: 4/12
 12148 | D:10     | Found a roughly hewn altar of Beogh.
 12148 | D:10     | Found a staircase to the Orcish Mines.
 12493 | Lair:1   | Entered Level 1 of the Lair of Beasts
 13023 | Lair:1   | Noticed a six-headed hydra
 13039 | Lair:1   | Killed a ten-headed hydra
 13731 | Lair:1   | Noticed an eight-headed hydra
 13827 | Lair:1   | Killed a 19-headed hydra
 13972 | Lair:2   | Noticed a four-headed hydra
 13978 | Lair:2   | Killed a nine-headed hydra
 14124 | Lair:2   | Reached skill level 10 in Axes
 14983 | Lair:3   | Found a staircase to the Shoals.
 15310 | Lair:3   | Reached XP level 13. HP: 55/86 MP: 4/13
 16260 | Lair:4   | Found a staircase to the Snake Pit.
 16573 | Lair:4   | Received a gift from Trog
 16642 | Lair:4   | Noticed Urug
 16649 | Lair:4   | Killed Urug
 17117 | Lair:4   | Reached skill level 10 in Dodging
 17843 | Lair:5   | Gained mutation: Your large and strong wings let you fly
                  | indefinitely. [Gargoyle growth]
 17843 | Lair:5   | Reached XP level 14. HP: 69/94 MP: 4/14
 18106 | Lair:5   | Found a viscous altar of Jiyva.
 18107 | Lair:5   | Found a staircase to the Slime Pits.
 18422 | Slime:1  | Entered Level 1 of the Pits of Slime
 18422 | Slime:1  | Noticed an acid blob
 18435 | Lair:6   | Entered Level 6 of the Lair of Beasts
 18480 | Lair:6   | Received a gift from Trog
 20013 | D:11     | Noticed Nergalle
 20027 | D:11     | Killed Nergalle
 20679 | D:11     | Noticed Psyche
 20684 | D:11     | Killed Psyche
 20813 | D:11     | Reached ****** piety under Trog
 21046 | D:12     | Received a gift from Trog
 21294 | D:12     | Reached XP level 15. HP: 72/100 MP: 15/15
 21578 | D:12     | Got a wavering lapis lazuli ring
 23149 | D:14     | Received a gift from Trog
 23247 | D:14     | Identified the ring "Jigrex" {*Corrode rC+ rN+++ AC+5} (You
                  | found it on level 12 of the Dungeon)
 23540 | D:14     | Found a gate to the Vaults.
 23726 | D:15     | Entered Level 15 of the Dungeon
 23728 | D:15     | Found a shimmering altar of Xom.
 23869 | D:15     | Reached skill level 15 in Fighting
 24098 | D:15     | Reached skill level 15 in Armour
 24332 | D:15     | Received a gift from Trog
 24369 | D:15     | Reached XP level 16. HP: 81/108 MP: 16/16
 24589 | D:15     | Found a staircase to the Depths.
 24865 | Orc:1    | Entered Level 1 of the Orcish Mines
 24865 | Orc:1    | Noticed Erica
 24896 | Orc:1    | Killed Erica
 24933 | Orc:1    | Found a dark tunnel.
 25144 | Orc:2    | Entered Level 2 of the Orcish Mines
 25359 | Orc:2    | HP: 5/108 [orc priest/divine providence (12)]
 25862 | Orc:2    | Found a roughly hewn altar of Beogh.
 25865 | Orc:2    | Received a gift from Trog
 25872 | Orc:2    | Found Mafetuum's Jewellery Emporium.
 25933 | Orc:2    | Found Beixu's Antique Armour Emporium.
 25984 | Orc:2    | Found Ywenusen's General Store.
 26039 | Orc:2    | Found a staircase to the Elven Halls.
 26083 | Orc:2    | Found Ficwasan's Antique Weapon Emporium.
 26717 | Snake:1  | Entered Level 1 of the Snake Pit
 27437 | Snake:2  | Noticed a nagaraja
 27619 | Snake:2  | Killed a nagaraja
 27859 | Snake:2  | Received a gift from Trog
 27981 | Snake:2  | Noticed Louise
 27994 | Snake:2  | Killed Louise
 28078 | Snake:2  | Got an ancient hand axe
 28079 | Snake:2  | Identified the cursed +1 hand axe of Uhi Guer {freeze,
                  | Int+6} (You found it on level 2 of the Snake Pit)
 28120 | Snake:2  | Found Emmia's Gadget Shop.
 28120 | Snake:2  | Found Soph's Jewellery Emporium.
 28121 | Snake:2  | Found Dypobuic's Jewellery Emporium.
 28185 | Snake:3  | Noticed Asterion
 28196 | Snake:3  | Reached XP level 17. HP: 74/115 MP: 17/17
 28203 | Snake:3  | Killed Asterion
 29713 | Snake:3  | Noticed Azrael
 29723 | Snake:3  | Killed Azrael
 30141 | Snake:4  | Entered Level 4 of the Snake Pit
 30568 | Snake:4  | Received a gift from Trog
 31118 | Snake:4  | Noticed Aizul
 31132 | Snake:4  | Killed Aizul
 31428 | Snake:4  | Found Karu's Food Shop.
 31524 | Snake:4  | Noticed Vashnia
 31913 | Snake:4  | Received a gift from Trog
 31918 | Snake:4  | Got a twisted battleaxe {god gift}
 32429 | Snake:4  | Reached XP level 18. HP: 86/123 MP: 18/18
 32443 | Snake:4  | Shot with a bolt by Vashnia

Skill      XL: |  1  2  3  4  5  6  7  8  9 10 11 12 13 14 15 16 17 18 |
---------------+-------------------------------------------------------+-----
Axes           | 3 4 5 6 8 9 10 11 12 13 14 | 14.7
Dodging        | 2 3 4 5 7 8 9 10 11 12 13 | 13.5
Armour         | 3 4 5 6 7 9 10 11 13 14 15 16 17 | 17.0
Fighting       | 4 5 6 8 9 10 12 13 14 15 16 17 | 17.0

Action                   |  1- 3 |  4- 6 |  7- 9 | 10-12 | 13-15 | 16-18 || total
-------------------------+-------+-------+-------+-------+-------+-------++-------
Melee: Hand axe          |    92 |   127 |   492 |   160 |       |       ||   871
       Battleaxe         |       |       |       |   874 |   310 |   232 ||  1416
       Spear             |       |       |       |     7 |       |       ||     7
       Broad axe         |       |       |       |       |   592 |   514 ||  1106
       Executioner's axe |       |       |       |       |       |   174 ||   174
Invok: Berserk           |       |     3 |    11 |    12 |    14 |     3 ||    43
       Trog's Hand       |       |       |     3 |     3 |       |     2 ||     8
       Brothers in Arms  |       |       |       |     3 |       |     1 ||     4
 Abil: Fly               |       |       |       |       |     1 |       ||     1
  Use: Scroll            |       |       |       |    30 |     7 |     7 ||    44
       Potion            |       |       |       |       |       |     3 ||     3
 Stab: Distracted        |       |     1 |       |       |       |       ||     1
  Eat: Chunk             |     1 |     7 |    18 |    39 |    43 |    13 ||   121
       Ration            |       |       |     2 |     5 |       |     5 ||    12
Armor: Animal skin       |    19 |    22 |       |       |       |       ||    41
       Chain mail        |       |    45 |   231 |   290 |       |       ||   566
       Plate armour      |       |       |       |   711 |   881 |   846 ||  2438
Dodge: Dodged            |    65 |    67 |   286 |  1218 |   915 |   733 ||  3284
